 Dungeon Crawl Stone Soup version bcrawl-1.23.1 (webtiles) character file.

Game seed: 15983120590008292724

42 pasperui the Ducker (level 3, 0/35 HPs)
             Began as a Gnoll Reaver on May 24, 2020.
             Was a Follower of Vehumet.
             Slain by a goblin (5 damage)
             ... led by Robin
             ... on level 1 of the Dungeon.
             The game lasted 00:01:59 (573 turns).

pasperui the Ducker (Gnoll Reaver)                   Turns: 573, Time: 00:02:00

Health: 0/35       AC: 15    Str: 14    XL:     3   Next: 54%
Magic:  9/9        EV:  1    Int: 16    God:    Vehumet [*.....]
Gold:   53         SH:  1    Dex: 13    Spells: 12/12 levels left

rFire    . . .     SeeInvis .   a - +0 long sword
rCold    . . .     Gourm    .   (no shield)
rNeg     + . .     Faith    .   n - +0 crystal plate armour
rPois    .         Spirit   .   (no helmet)
rElec    .         Reflect  .   (no cloak)
rCorr    .         Harm     .   (no gloves)
MR       .....                  g - +0 pair of boots
Stlth    ..........             (no amulet)
HPRegen  0.11/turn              f - ring of positive energy
MPRegen  0.11/turn              h - +1 ring of evasion

@: no status effects
A: distributed training, fangs 1, strong nose
a: Renounce Religion


You were on level 1 of the Dungeon.
You worshipped Vehumet.
Vehumet was aware of your devotion.
You were not hungry.

You visited 1 branch of the dungeon, and saw 2 of its levels.

You collected 53 gold pieces.

Inventory:

Hand Weapons
 a - a +0 long sword (weapon)
 d - a +0 dagger of venom
Missiles
 i - 146 stones (quivered)
 l - 151 bolts
 o - 65 needles of frenzy
Armour
 b - +0 steam dragon scales
 g - a +0 pair of boots (worn)
 n - a +0 crystal plate armour (worn)
Jewellery
 f - a ring of positive energy (left hand)
 h - a +1 ring of evasion (right hand)
Scrolls
 j - a scroll of blinking {unknown}
 m - a scroll of amnesia {unknown}
Potions
 c - a potion of haste
 k - a potion of curing {unknown}
Comestibles
 e - 3 rations {!d}


   Skills:
 + Level 6.5 Fighting
 + Level 0.8 Short Blades
 + Level 6.5 Long Blades
 + Level 0.8 Axes
 + Level 0.8 Maces & Flails
 + Level 0.8 Polearms
 + Level 0.8 Staves
 + Level 0.8 Slings
 + Level 0.8 Bows
 + Level 0.8 Crossbows
 + Level 0.8 Throwing
 + Level 0.8 Armour
 + Level 6.5 Dodging
 + Level 0.8 Stealth
 + Level 0.8 Shields
 + Level 0.8 Unarmed Combat
 + Level 5.0 Spellcasting
 + Level 0.5 Conjurations
 + Level 0.5 Hexes
 + Level 0.5 Charms
 + Level 0.5 Summonings
 + Level 0.5 Necromancy
 + Level 0.5 Translocations
 + Level 0.5 Transmutations
 + Level 0.5 Fire Magic
 + Level 0.5 Ice Magic
 + Level 0.5 Air Magic
 + Level 0.5 Earth Magic
 + Level 0.5 Poison Magic
 + Level 1.0 Invocations
 + Level 0.8 Evocations


You had 12 spell levels left.
You didn't know any spells.
Your spell library contained the following spells:

 Spells                   Type           Power        Failure   Level  Hunger
 Sting                    Conj/Pois      #...         100%        1    None
 Iskenderun's Battlesphe  Conj/Chrm      #.......     100%        5    ######.


Dungeon Overview and Level Annotations

Branches:
Dungeon (2/12)

Altars:


Innate Abilities, Weirdness & Mutations

Your experience applies equally to all skills.
You have very sharp teeth.
Your uncanny sense of smell can sniff out nearby items.


Message History

Your Invocations skill increases to level 1!
The hobgoblin hits you but does no damage.
The goblin hits you with a +0 dagger.
* * * LOW HITPOINT WARNING * * *
The hobgoblin hits you but does no damage.
The orc hits you but does no damage.
Unknown command.
The hobgoblin hits you but does no damage.
The goblin hits you but does no damage. x2; You block the hobgoblin's attack.
You climb upwards.
There is a stone staircase leading down here.
Unknown command.
Your crystal plate armour prevents you from hitting the goblin.
The orc hits you but does no damage. The goblin barely misses you.
The hobgoblin hits you.
* * * LOW HITPOINT WARNING * * *
You hit the goblin.
The goblin is heavily wounded.
The orc hits you but does no damage. The goblin hits you.
You die...

###.#############.........
#............# #..#######
##.....######.# #..# #........#
#..# #......#.### ##..#
#..###.#.#..... .....#### #.##
##..#.#... ##......# ######.#
#..#g##.# #.#.##.### #......##
##..#@##.# #.........
#.####..###..gog##.# ###.##.###
##.####.#...#..####.######.......
...........##.....#.##......#.###
#...##............#.##.###.##.#
..#........##.....#.##.###.##.#
#...###........#........##.##.#
##.##.........................#
##.##.....###>##.##..............


You could see an orc, 2 hobgoblins and a goblin.

Vanquished Creatures
  Robin (D:2)
  A dart slug (D:1)
  2 leopard geckos (D:1)
  9 goblins
  A hobgoblin (D:1)
  3 jackals (D:1)
  3 kobolds (D:1)
  A frilled lizard (D:1)
  A rat (D:1)
22 creatures vanquished.

Notes
Turn   | Place    | Note
-------+----------+-------------------------------------------
     0 | D:1      | pasperui the Gnoll Reaver began the quest for the Orb.
     0 | D:1      | Reached XP level 1. HP: 23/23 MP: 6/6
   139 | D:1      | Reached XP level 2. HP: 27/29 MP: 7/7
   331 | D:1      | Reached XP level 3. HP: 33/35 MP: 9/9
   543 | D:2      | Noticed Robin
   553 | D:2      | Reached skill level 5 in Spellcasting
   562 | D:2      | Reached * piety under Vehumet
   562 | D:2      | Offered knowledge of Sting by Vehumet.
   569 | D:2      | Killed Robin
   569 | D:2      | Reached skill level 1 in Invocations
   573 | D:1      | Slain by a goblin

Skill      XL: |  1  2  3 |
---------------+----------+-----
Spellcasting   | 5 |  5.0
Invocations    | 1 |  1.0
Fighting       | |  6.5
Short Blades   | |  0.8
Long Blades    | |  6.5
Axes           | |  0.8
Maces & Flails | |  0.8
Polearms       | |  0.8
Staves         | |  0.8
Slings         | |  0.8
Bows           | |  0.8
Crossbows      | |  0.8
Throwing       | |  0.8
Armour         | |  0.8
Dodging        | |  6.5
Stealth        | |  0.8
Shields        | |  0.8
Unarmed Combat | |  0.8
Conjurations   | |  0.5
Hexes          | |  0.5
Charms         | |  0.5
Summonings     | |  0.5
Necromancy     | |  0.5
Translocations | |  0.5
Transmutations | |  0.5
Fire Magic     | |  0.5
Ice Magic      | |  0.5
Air Magic      | |  0.5
Earth Magic    | |  0.5
Poison Magic   | |  0.5
Evocations     | |  0.8

Action                   || total
-------------------------++-------
Melee: Long sword        ||    68
       Bite              ||     8
 Stab: Sleeping          ||     1
Armor: Steam dragon scal ||     7
       Crystal plate arm ||    52
Dodge: Dodged            ||    39
Block: Other             ||     4
